 Dungeon Crawl Stone Soup version 0.23.2-40-g277498a001 (webtiles) character file.

Game seed: 598831127355673550

206 Curus the Chopper (level 5, 0/45 HPs)
             Began as a Hill Orc Abyssal Knight on Sept 10, 2019.
             Was a Believer of Lugonu.
             Slain by an ogre
             ... wielding a +0 giant club
              (18 damage)
             ... on level 4 of the Dungeon.
             The game lasted 00:13:23 (2920 turns).

Curus the Chopper (Hill Orc Abyssal Knight)         Turns: 2920, Time: 00:13:24

Health: 0/45       AC: 11    Str: 15    XL:     5   Next: 84%
Magic:  9/9        EV:  6    Int: 12    God:    Lugonu [**....]
Gold:   73         SH:  0    Dex: 11    Spells: 4/4 levels left

rFire    . . .     SeeInvis .   a - +2 hand axe
rCold    . . .     Gourm    .   (no shield)
rNeg     . . .     Faith    .   h - +1 chain mail
rPois    .         Spirit   .   (helmet restricted)
rElec    .         Reflect  .   (no cloak)
rCorr    .         Harm     .   (no gloves)
MR       .....                  g - +1 pair of boots
Stlth    ..........             (no amulet)
HPRegen  0.15/turn              (no ring)
MPRegen  0.11/turn              (no ring)

@: no status effects
A: horns 1, MP-powered wands
a: Depart the Abyss, Bend Space, Renounce Religion


You were on level 4 of the Dungeon.
You worshipped Lugonu.
Lugonu was pleased with you.
You were hungry.

You visited 1 branch of the dungeon, and saw 5 of its levels.
You visited the Abyss 1 time.

You collected 163 gold pieces.
You spent 90 gold pieces at shops.

Inventory:

Hand Weapons
 a - a +2 hand axe (weapon)
Armour
 b - a +0 leather armour
 d - a +1 ring mail
 g - a +1 pair of boots (worn)
 h - a +1 chain mail (worn)
Scrolls
 f - 3 scrolls of identify
 j - a scroll of enchant armour
Potions
 e - a potion of brilliance
 i - a potion of heal wounds
 l - a potion of curing
Comestibles
 c - 4 rations


   Skills:
 - Level 3.6 Fighting
 + Level 5.8 Axes
 - Level 2.1 Armour
 - Level 0.7 Dodging
 + Level 5.6 Invocations


You had 4 spell levels left.
You didn't know any spells.
Your spell library was empty.

Dungeon Overview and Level Annotations

Branches:
Dungeon (5/15)
 Temple: D:4-7

Altars:
Yredelemnul
Zin

Annotations:
D:4 Sigmund


Innate Abilities, Weirdness & Mutations

You have a pair of small horns on your head.
You expend magic power (3 MP) to strengthen your wands.


Message History

An ogre comes into view. It is wielding a +0 giant club.
Found a spear and a dagger.
You hit the ogre.
The ogre is lightly wounded.
The ogre completely misses you.
You slash the ogre!
The ogre is heavily wounded.
The ogre hits you with a +0 giant club!
You barely miss the ogre.
The ogre is heavily wounded.
The ogre barely misses you.
You hit the ogre.
The ogre is heavily wounded.
You hit the ogre.
The ogre is severely wounded.
The ogre hits you with a +0 giant club!
You hit the ogre.
The ogre is severely wounded.
The ogre hits you with a +0 giant club!!
You die...

>##.#### .##.# ).....
....... .. .....
....... #... ....
.....## #... ...
###..# .##... .. # ..#
......##.# #+#..#
#...#..# .... #
#..O@### ...
....)#....# .#######
### #.##.#
.......########.# ..#
.#####<.........###...
## ######............
# ###....####.....#
##....### .####
#....##


You could see an ogre.

Vanquished Creatures
  Blork the orc (D:4)
  A worker ant (D:3)
  3 gnolls (D:3)
  2 oozes (D:3)
  A worm (D:2)
  2 dart slugs
  2 leopard geckos
  An orc (D:3)
  A giant cockroach (D:2)
  9 goblins
  7 hobgoblins
  8 jackals (D:3)
  11 kobolds
  2 quokkas
  A ball python (D:2)
  8 bats
  3 frilled lizards
  6 rats
69 creatures vanquished.

Notes
Turn   | Place    | Note
-------+----------+-------------------------------------------
     0 | Abyss:1  | Curus the Hill Orc Abyssal Knight began the quest for the
                  | Orb.
     0 | Abyss:1  | Reached XP level 1. HP: 19/19 MP: 2/2
    56 | Abyss:1  | Noticed an efreet
    57 | D:1      | Escaped the Abyss
   357 | D:1      | Reached * piety under Lugonu
   432 | D:1      | Reached XP level 2. HP: 26/26 MP: 2/4
  1282 | D:2      | Reached XP level 3. HP: 27/31 MP: 5/5
  1536 | D:2      | Found a basalt altar of Yredelemnul.
  1754 | D:2      | Reached ** piety under Lugonu
  1948 | D:3      | Reached XP level 4. HP: 12/39 MP: 7/7
  2174 | D:3      | Gained mutation: You expend magic power (3 MP) to
                  | strengthen your wands. [potion of mutation]
  2174 | D:3      | Gained mutation: You have a pair of small horns on your
                  | head. [potion of mutation]
  2186 | D:3      | Reached skill level 5 in Axes
  2301 | D:3      | Reached skill level 5 in Invocations
  2301 | D:3      | Reached XP level 5. HP: 43/45 MP: 8/8
  2497 | D:4      | Noticed Blork the orc
  2515 | D:4      | Killed Blork the orc
  2545 | D:4      | Noticed an ogre
  2603 | D:4      | Noticed Sigmund
  2609 | D:5      | Entered Level 5 of the Dungeon
  2627 | D:4      | Found Zin's Purification Station.
  2631 | D:4      | Found a glowing silver altar of Zin.
  2649 | D:4      | Bought a potion of curing for 90 gold pieces
  2913 | D:4      | Noticed an ogre
  2920 | D:4      | Slain by an ogre

Skill      XL: |  1  2  3  4 |
---------------+-------------+-----
Axes           | 3 4 5 |  5.8
Invocations    | 3 4 5 |  5.6
Fighting       | |  3.6
Armour         | |  2.1
Dodging        | |  0.7

Action                   |  1- 3 |  4- 6 || total
-------------------------+-------+-------++-------
Melee: Hand axe          |   164 |   109 ||   273
       Headbutt          |       |     8 ||     8
Invok: Depart the Abyss  |     1 |       ||     1
  Use: Potion            |     3 |     4 ||     7
       Scroll            |     5 |     3 ||     8
  Eat: Chunk             |     3 |     3 ||     6
Armor: Leather armour    |     9 |       ||     9
       Ring mail         |    34 |       ||    34
       Chain mail        |    15 |    80 ||    95
Dodge: Dodged            |    88 |    38 ||   126
